 Dungeon Crawl Stone Soup version 0.18-a0-596-g6468885 (webtiles) character file.

97 Duffy the Chopper (level 4, -2/39 HPs)
             Began as a Hill Orc Fighter on Dec 3, 2015.
             Killed by nerve-wracking pain
             ... invoked by an orc priest
              (11 damage)
             ... on level 3 of the Dungeon.
             The game lasted 00:01:09 (1137 turns).

Duffy the Chopper (Hill Orc Fighter)                Turns: 1137, Time: 00:01:09

Health: -2/39      AC:  6    Str: 19    XL:     4   Next: 68%
Magic:  4/4        EV:  7    Int:  8    God:
Gold:   48         SH:  9    Dex: 10    Spells: 0 memorised, 3 levels left

rFire  . . .     SeeInvis .     a - +0 war axe
rCold  . . .     Clarity  .     b - +0 scale mail
rNeg   . . .     SustAt   .     c - +0 shield
rPois  .         Gourm    .     (no helmet)
rElec  .         Spirit   .     (no cloak)
rCorr  .         Dismiss  .     (no gloves)
rMut   .         Stasis   .     (no boots)
MR     .....                    g - amulet of rage
Stlth  ..........               (no ring)
                                (no ring)

@: not resistant to hostile enchantments, extremely unstealthy
A: no striking features
a: Convert to Beogh, Evoke Berserk Rage


You were on level 3 of the Dungeon.
You were not hungry.

You visited 1 branch of the dungeon, and saw 4 of its levels.

You collected 48 gold pieces.


   Skills:
 - Level 3.6 Fighting
 + Level 6.3 Axes
 - Level 3.2 Armour
 - Level 3.2 Shields


You had 3 spell levels left.
You didn't know any spells.

Inventory:

Hand Weapons
 a - a +0 war axe (weapon)
Armour
 b - a +0 scale mail (worn)
 c - a +0 shield (worn)
Jewellery
 g - an amulet of rage (around neck)
Scrolls
 j - a scroll of immolation {unknown}
 l - a scroll of identify {unknown}
 m - a scroll of teleportation {unknown}
Potions
 d - a potion of might
 h - a potion of haste {unknown}
 i - a potion of curing {unknown}
 k - a potion of degeneration {unknown}
Comestibles
 e - a bread ration
 f - a meat ration
 n - a chunk of flesh

Dungeon Overview and Level Annotations

Branches:
Dungeon (4/15)
 Temple: D:4-7

Altars:
Cheibriados
Ru
Xom

Annotations:
D:4 4thArraOfDagon's ghost, weakling FeSk


Message History

Something smites you!
You are too injured to fight recklessly!
You are too injured to fight recklessly!
You are too injured to fight recklessly!
You are too injured to fight recklessly!
You are too injured to fight recklessly!
You are too injured to fight recklessly!
You are too injured to fight recklessly!
You are too injured to fight recklessly!
You are too injured to fight recklessly!
You are too injured to fight recklessly!
You are too injured to fight recklessly!
You are too injured to fight recklessly!
You are too injured to fight recklessly!
You are too injured to fight recklessly!
You are too injured to fight recklessly!
You are too injured to fight recklessly!
You are too injured to fight recklessly!
You are too injured to fight recklessly!
You are too injured to fight recklessly!
You are too injured to fight recklessly!
You are too injured to fight recklessly!
You are too injured to fight recklessly!
Your shield and scale mail prevent you from hitting the orc priest.
You block the orc priest's attack.
You hit the orc priest.
The orc priest is lightly wounded.
The orc priest shouts, "Surrender to Beogh and we'll let you live!"
The orc priest invokes the aid of Beogh against you.
Something smites you!
You closely miss the orc priest.
The orc priest is lightly wounded.
The orc priest calls down the wrath of Beogh upon you.
Pain shoots through your body!
You die...

### ##############.#
#####.##...........#
#.o@%.##.#########.#
#.###.##.# #.# #.
#....#########.# #
###.........##.#
#.........##.#
#.........##.#
#............(
#..........#.#
#..........#(.


You could see an orc priest.

Action                   |  1- 3 |  4- 6 || total
-------------------------+-------+-------++-------
Melee: War axe           |    76 |    32 ||   108
  Eat: Chunk             |       |     1 ||     1

Notes
Turn   | Place    | Note
--------------------------------------------------------------
     0 | D:1      | Duffy the Hill Orc Fighter began the quest for the Orb.
     0 | D:1      | Reached XP level 1. HP: 19/19 MP: 1/1
    49 | D:1      | Reached skill level 3 in Axes
   103 | D:1      | Reached XP level 2. HP: 26/26 MP: 2/2
   139 | D:1      | Reached skill level 4 in Axes
   191 | D:1      | You fall through a shaft!
   497 | D:2      | Reached XP level 3. HP: 17/31 MP: 3/3
   675 | D:3      | Noticed Natasha
   682 | D:3      | Killed Natasha
   682 | D:3      | Reached skill level 5 in Axes
   682 | D:3      | Reached XP level 4. HP: 27/39 MP: 4/4
   794 | D:3      | Found a snail-covered altar of Cheibriados.
   794 | D:3      | Found a sacrificial altar of Ru.
   795 | D:3      | Found a shimmering altar of Xom.
   848 | D:4      | Noticed 4thArraOfDagon's ghost (weakling FeSk)
  1133 | D:3      | Reached skill level 6 in Axes
  1137 | D:3      | Killed from afar by an orc priest

Vault maps used:
D:1:      wheals_arrival_shading
D:2:      nemelex_spade_bored_becter
D:3:      nicolae_overflow_hidden_temple, first_bread, minmay_statues_item,
          hangedman_decor_lopped, nrook_uturn, nicolae_tso_carved_into_rock,
          uniq_natasha
D:4:      eino_small_chamber_without_monster, minmay_door_square,
          kennysheep_opposing_triangles

Vanquished Creatures
  An orc priest Natasha
  An adder
  An ooze
  A giant gecko
  An orc
  A giant cockroach
  2 goblins
  2 hobgoblins
  4 jackals
  2 ball pythons
  2 bats
  A giant newt
  5 kobolds
  3 rats
28 creatures vanquished.
